 Dungeon Crawl Stone Soup version 0.20.1-1-g8b1a95d (webtiles) character file.

50 MovingMist the Skirmisher (level 3, -5/29 HPs)
             Began as a Demonspawn Fighter on Nov 17, 2017.
             Killed from afar by Sigmund (8 damage)
             ... with a magic dart
             ... on level 2 of the Dungeon.
             The game lasted 00:03:32 (1307 turns).

MovingMist the Skirmisher (Demonspawn Fighter)      Turns: 1307, Time: 00:03:34

Health: -5/29      AC: 15    Str: 16    XL:     3   Next: 55%
Magic:  3/3        EV:  7    Int:  9    God:
Gold:   110        SH:  8    Dex: 13    Spells: 2/2 levels left

rFire    . . .     SeeInvis .   a - +0 long sword
rCold    . . .     Gourm    .   c - +0 shield
rNeg     . . .     Faith    .   b - +0 scale mail
rPois    .         Spirit   .   n - +2 helmet
rElec    .         Reflect  .   (no cloak)
rCorr    .         Harm     .   (no gloves)
MR       .....                  (no boots)
Stlth    ..........             (no amulet)
Regen    0.1/turn               (no ring)
MPRegen  0.1/turn               (no ring)

@: sanguine armour
A: sanguine armour 1
a: no special abilities


You were on level 2 of the Dungeon.
You were hungry.

You visited 1 branch of the dungeon, and saw 2 of its levels.

You collected 110 gold pieces.

Inventory:

Hand Weapons
 a - a +0 long sword (weapon)
Missiles
 j - a throwing net (quivered)
Armour
 b - a +0 scale mail (worn)
 c - a +0 shield (worn)
 n - a +2 helmet (worn)
Scrolls
 g - 2 scrolls of identify {unknown}
 l - a scroll of noise {unknown}
 m - a scroll of teleportation {unknown}
 q - a scroll of amnesia {unknown}
Potions
 d - a potion of might
 e - a potion of curing {unknown}
 k - a potion of degeneration {unknown}
 p - a potion of lignification {unknown}
Comestibles
 f - a bread ration
 h - 2 meat rations
 o - a royal jelly


   Skills:
 + Level 3.1 Fighting
 + Level 2.5 Long Blades
 + Level 3.1 Armour
 * Level 1.5 Dodging
 - Level 2.6 Shields


You had 2 spell levels left.
You didn't know any spells.

Dungeon Overview and Level Annotations

Branches:
Dungeon (2/15)

Altars:
Nemelex Xobeh
Xom
Zin

Annotations:
D:2 Sigmund


Innate Abilities, Weirdness & Mutations

When seriously injured, your bleeding wounds create armour. (AC +6)


Message History

Sigmund barely misses you.
You closely miss Sigmund.
Sigmund is severely wounded.
Sigmund hits you with an enchanted scythe.
You hit Sigmund.
Sigmund is severely wounded.
Sigmund mumbles some strange words.
Sigmund flickers and vanishes!
You barely miss something. Something hits you!
* * * LOW HITPOINT WARNING * * *
You closely miss something. Something hits you but does no damage.
You hit something but do no damage. Something hits you but does no damage.
You miss something. You hit something.
You hear some strange, mumbled words.
Something tries to affect you, but you resist.
You hear some strange, mumbled words.
A magic dart appears from out of thin air!
The magic dart hits you!
You die...

#.....##.).######)...#....
#.###......# ###..##..#..
#..........###.........#..
#...........#.......#...).
..###...(......##..#...#..
#..><(>...###.....#..#
#.....#.............##
#.....{.#...........#
##.##@.....##.#...#.# #
#........## #.#.#.##
#.##.......## #.#.#...
#<......#..# #.#...####
####......### #.#..##
###........# #.#..#
#...#....#.###.#..#
....#..........#...##
#####..(##.......).#


There were no monsters in sight!

Vanquished Creatures
  An adder (D:1)
  An ooze (D:1)
  A leopard gecko (D:1)
  3 giant cockroaches (D:1)
  5 goblins
  6 hobgoblins
  3 bats
  10 kobolds
  5 rats
35 creatures vanquished.

Notes
Turn   | Place    | Note
-------+----------+-------------------------------------------
     0 | D:1      | MovingMist the Demonspawn Fighter began the quest for the Orb.
     0 | D:1      | Reached XP level 1. HP: 18/18 MP: 1/1
   208 | D:1      | Gained mutation: When seriously injured, your bleeding wounds create armour. (AC +6) [demonic ancestry]
   208 | D:1      | Reached XP level 2. HP: 20/24 MP: 2/2
   385 | D:1      | Reached skill level 1 in Dodging
   830 | D:1      | Reached XP level 3. HP: 10/29 MP: 3/3
  1018 | D:2      | Found a shimmering altar of Xom.
  1109 | D:2      | Found a glowing silver altar of Zin.
  1130 | D:2      | Found a sparkling altar of Nemelex Xobeh.
  1140 | D:2      | Noticed Sigmund
  1307 | D:2      | Killed from afar by Sigmund

Skill      XL: |  1  2 |
---------------+-------+-----
Long Blades    | 2 |  2.5
Dodging        | 1 |  1.5
Armour         | 3 |  3.1
Fighting       | |  3.1
Shields        | |  2.6

Action                   || total
-------------------------++-------
Melee: Long sword        ||   135
  Eat: Chunk             ||     1
Armor: Scale mail        ||    85
Dodge: Dodged            ||    42
Block: Shield            ||    78
       Rpst.: Long sword ||    14
